 Dungeon Crawl Stone Soup version 0.27-a0-1181-g5f64966fcc (webtiles) character file.

Game seed: 17233459685351943754

51 ZappyNine the Sneak (level 4, -1/27 HPs)
             Began as a Kobold Brigand on May 17, 2021.
             Succumbed to Terence's poison
             ... on level 2 of the Dungeon.
             The game lasted 00:02:45 (2037 turns).

ZappyNine the Sneak (Kobold Brigand)                Turns: 2037, Time: 00:02:45

Health: -1/27      AC:  5    Str:  8    XL:     4   Next: 5%
Magic:  4/4        EV: 14    Int: 12    God:
Gold:   75         SH:  0    Dex: 17    Spells: 3/3 levels left

rFire    . . .     SeeInvis .   a - +2 dagger
rCold    . . .     Faith    .   (shield restricted)
rNeg     . . .     Spirit   .   b - +0 robe
rPois    .         Reflect  .   f - +2 hat
rElec    .         Harm     .   c - +0 cloak
rCorr    .         Rampage  .   (no gloves)
Will     .....                  (no boots)
Stlth    ++++......             (no amulet)
HPRegen  0.09/turn              (no ring)
MPRegen  0.09/turn              (no ring)

@: lethally poisoned (-1 -> -11)
A: small, no large weapons, nightstalker 3
a: no special abilities


You were on level 2 of the Dungeon.
You visited 1 branch of the dungeon, and saw 2 of its levels.

You collected 75 gold pieces.

Inventory:

Hand Weapons
 a - a +2 dagger (weapon)
Missiles
 d - 19 poisoned darts (quivered)
 e - 2 curare-tipped darts
Armour
 b - a +0 robe (worn)
 c - a +0 cloak (worn)
 f - a +2 hat (worn)
 j - a +0 helmet
Jewellery
 k - a ring of fire
Scrolls
 g - a scroll of identify {unknown}
 i - 3 scrolls of fog {unknown}


   Skills:
 + Level 2.8 Fighting
 * Level 4.1 Short Blades
 + Level 2.5 Throwing
 - Level 1.2 Dodging
 + Level 5.8 Stealth


You had 3 spell levels left.
You didn't know any spells.
Your spell library contained the following spells:

 Spells                   Type           Power      Damage    Failure   Level
 Beastly Appendage        Tmut           0%         N/A       32%         1
 Wereblood                Tmut           0%         N/A       45%         2
 Spider Form              Tmut/Pois      0%         N/A       69%         3
 Ice Form                 Ice/Tmut       0%         N/A       97%         4
 Hydra Form               Tmut           0%         N/A       100%        5


Dungeon Overview and Level Annotations

Branches:
Dungeon (2/15)

Altars:

Annotations:
D:2 Robin, Terence


Innate Abilities, Weirdness & Mutations

You are small and have problems with some larger weapons.
You are completely attuned to the shadows.


Message History

Terence is nearby!
Terence shouts!
You hit Terence but do no damage. You hit Terence but do no damage.
Terence closely misses you.
You barely miss Terence.
Terence hits you with a +0 hand axe of venom.
You are poisoned.
You hit Terence but do no damage.
You feel very sick.
Terence hits you with a +0 hand axe of venom.
You are lethally poisoned!
You hit Terence but do no damage.
You feel very sick. Terence misses you.
You are too injured to fight recklessly!
You are too injured to fight recklessly!
You are too injured to fight recklessly!
You are too injured to fight recklessly!
You are too injured to fight recklessly!
You are too injured to fight recklessly!
You are too injured to fight recklessly!
You are too injured to fight recklessly!
You are too injured to fight recklessly!
You are too injured to fight recklessly!
You are too injured to fight recklessly!
You are too injured to fight recklessly!
You are too injured to fight recklessly!
You are too injured to fight recklessly!
You are too injured to fight recklessly!
You are too injured to fight recklessly!
You are too injured to fight recklessly!
You are too injured to fight recklessly!
Unknown command.
* * * LOW HITPOINT WARNING * * *
You feel very sick.
* * * LOW HITPOINT WARNING * * *
You feel very sick.
* * * LOW HITPOINT WARNING * * *
You feel sick.
You die...

###
#.#.##.#
#.#....#
#.#########
#.........#
#########.#
#.# #.# #.#
#@# #.#
#####@#
#.....#
#.##### #


You could see Terence.

Vanquished Creatures
  An adder (D:2)
  2 dart slugs (D:2)
  7 endoplasms
  5 giant cockroaches
  7 goblins
  A hobgoblin (D:2)
  A quokka (D:2)
  2 ball pythons (D:2)
  A bat (D:1)
  3 frilled lizards
  2 kobolds
  3 rats
35 creatures vanquished.

Notes
Turn   | Place    | Note
-------+----------+-------------------------------------------
     0 | D:1      | ZappyNine the Kobold Brigand began the quest for the Orb.
     0 | D:1      | Reached XP level 1. HP: 12/12 MP: 1/1
   207 | D:1      | Reached XP level 2. HP: 18/18 MP: 2/2
   939 | D:2      | Reached XP level 3. HP: 22/22 MP: 3/3
  1181 | D:2      | Noticed Robin
  1729 | D:2      | Found a faded altar of an unknown god.
  1782 | D:2      | Reached XP level 4. HP: 27/27 MP: 4/4
  2026 | D:2      | Noticed Terence
  2037 | D:2      | Succumbed to Terence's poison

Illustrated notes

Levels and vault maps discovered:
D:1:      heliophobic_arrival_ceremonial_halls, layout_loops_ring,
          hangedman_decor_diamond_cutter
D:2:      layout_basic, chequers_ecumenical_altar_simple_redux,
          minmay_worlds_worst_comb, uniq_terence, uniq_robin

Skill      XL: |  1  2  3 |
---------------+----------+-----
Short Blades   | 3 4 |  4.1
Fighting       | |  2.8
Throwing       | |  2.5
Dodging        | |  1.2
Stealth        | |  5.8

Action                   |  1- 3 |  4- 6 || total
-------------------------+-------+-------++-------
Melee: Dagger            |    59 |    14 ||    73
  Use: Scroll            |     1 |       ||     1
       Potion            |     1 |       ||     1
 Stab: Sleeping          |    23 |     1 ||    24
Armor: Robe              |     8 |       ||     8
Dodge: Dodged            |    26 |     7 ||    33

Table legend: (Time is in decaauts)
 A = Elapsed time spent in this place.
 B = Non-inter-level travel time spent in this place.
 C = Inter-level travel time spent in this place.
 D = Time resting spent in this place.
 E = Time spent auto-exploring this place.
 F = Levels seen in this place.
 G = Mean time per level.
                   A        B        C        D        E       F      G
               +--------+--------+--------+--------+--------+-----+--------+
         Total |   2023 |   1906 |    117 |    461 |   1240 |   2 | 1011.5 |
       Dungeon |   2023 |   1906 |    117 |    461 |   1240 |   2 | 1011.5 |
               +--------+--------+--------+--------+--------+-----+--------+

Top non-repeatable levels by time:
     D:2: 1191 daAuts
     D:1: 831 daAuts
